Match 40730288
Unlisted

Match 40730288
End
Kradschützen Motorcycle Team
Panzergrenadier Squad
Selects Panzerjäger Kommand Battlegroup
Selects Panzerjäger Kommand Battlegroup
Selects Mine Fields
Panzergrenadier Squad
250 Light Carrier
Panzerpioneer Squad
Construct Light Support Kompanie
Fire Support Elements
Assault Mechanized Group
Flakvierling Half-track
Panzerjäger Squad
Selects GrB 39 Grenade Launcher Requisition
Selects Tank Busters
Selects Crew Shock Tactics
Vehicle Survival Package
MG34 Team
Construct Panzerarmee Kommand
Selects Defensive Positions
Panzer III L Medium Tank
Selects Butterfly Bomb Drop
Pak 38 Mechanized Group
Butterfly Bomb Drop
Emergency Repair Kits
Selects Anti-tank Overwatch
Panzer III L Medium Tank
Farlion
xbubalo
0
0

Comments sign in to comment!

No comments posted yet!